MLB
WASHINGTON NATIONALS @ MILWAUKEE BREWERS
05/06/2019
 
TOP OF THE 1ST
Washington Nationals batting - Pitching for Milwaukee Brewers : RHP Jon Gray
Pitching: RHP Jon Gray
Batting: RHB Chris Taylor 0-0: Called Strike
0-1: Called Strike
0-2: Ball
1-2: Strikes out looking
Batting: RHB Yulieski Gurriel 0-0: Ball
1-0: Ball
2-0: Ball
3-0: Called Strike
3-1: Base on Balls
Batting: LHB Yonder Alonso 0-0: Ball
1-0: Ball
2-0: Foul Ball, location: 2F
2-1: Foul Ball, location: 2F
2-2: Strikes out swinging
Batting: LHB Joe Panik 0-0: Ball
1-0: Ball
Wild Pitch!
Yulieski Gurriel to second
2-0: Called Strike
2-1: Swinging Strike
2-2: Reached on error, E6 (Groundball, 6S, EV 86.3 MPH)
Yulieski Gurriel to third
Batting: RHB Austin Barnes 0-0: Ball
1-0: Ball
2-0: Called Strike
2-1: Reached on error, E5 (Groundball, 5L, EV 86.3 MPH)
Yulieski Gurriel scores
Joe Panik to second
Batting: RHB Jose Pirela 0-0: Ball
1-0: Ball
2-0: Ball
3-0: Fly out, F4 (Popup, 4MS, EV 64.4 MPH)
Top of the 1st over - 1 run, 0 hits, 2 errors, 2 left on base; Washington 1 - Milwaukee 0
BOTTOM OF THE 1ST
Milwaukee Brewers batting - Pitching for Washington Nationals : RHP Alex Reyes
Pitching: RHP Alex Reyes
Batting: LHB Jeff McNeil 0-0: Called Strike
0-1: Called Strike
0-2: Strikes out swinging, 2-3 out at first.
Batting: RHB A.J. Pollock 0-0: Ball
1-0: Foul Ball, location: 2F
1-1: Called Strike
1-2: Hit by Pitch
Batting: RHB Eugenio Suarez 0-0: Called Strike
A.J. Pollock steals 2nd base
0-1: Ball
1-1: Ball
2-1: Swinging Strike
2-2: Strikes out swinging
Batting: RHB Aaron Judge 0-0: Called Strike
0-1: Swinging Strike
0-2: Ball
1-2: Ball
2-2: Ball
3-2: Base on Balls
Batting: RHB Tommy Pham 0-0: Ball
1-0: Foul Ball, location: 2F
1-1: Foul Ball, location: 2F
1-2: Fielders Choice at 2nd, 5-4 (Groundball, 5, EV 81.9 MPH)
Bottom of the 1st over - 0 runs, 0 hits, 0 errors, 2 left on base; Washington 1 - Milwaukee 0
TOP OF THE 2ND
Washington Nationals batting - Pitching for Milwaukee Brewers : RHP Jon Gray
Batting: SHB Alen Hanson 0-0: Foul Ball, location: 2F
0-1: Ball
1-1: SINGLE (Line Drive, 7S, EV 101.9 MPH)
Batting: SHB Rosell Herrera 0-0: Swinging Strike
0-1: Called Strike
0-2: Ball
1-2: Foul Ball, location: 2F
1-2: Foul Ball, location: 2F
1-2: TRIPLE (Line Drive, 7D, EV 113.8 MPH)
Alen Hanson scores
Batting: RHB Alex Reyes 0-0: Called Strike
0-1: Ball
1-1: Swinging Strike
1-2: Ball
2-2: Strikes out looking
Batting: RHB Chris Taylor 0-0: Ground out 6-3 (Groundball, 6, EV 99.4 MPH)
Rosell Herrera scores
Batting: RHB Yulieski Gurriel 0-0: Ball
1-0: Ball
2-0: Fly out, F8 (Flyball, 8LM, EV 92.5 MPH)
Top of the 2nd over - 2 runs, 2 hits, 0 errors, 0 left on base; Washington 3 - Milwaukee 0
BOTTOM OF THE 2ND
Milwaukee Brewers batting - Pitching for Washington Nationals : RHP Alex Reyes
Batting: SHB Marwin Gonzalez 0-0: Foul Ball, location: 2F
0-1: Ball
1-1: SINGLE (Line Drive, 34, EV 96.3 MPH)
Batting: RHB Manny Pina 0-0: Ball
1-0: Called Strike
1-1: Fly out, F8 (Line Drive, 8LM, EV 109.4 MPH)
Batting: RHB Taylor Motter 0-0: Ball
1-0: Ball
2-0: Called Strike
2-1: Fielders Choice at 2nd, 5-4 (Groundball, 56, EV 89.4 MPH)
Batting: RHB Jon Gray 0-0: Ball
1-0: Called Strike
1-1: Ball
2-1: Ball
3-1: Fielders Choice at 2nd, 6-4 (Groundball, 6, EV 110.6 MPH)
Bottom of the 2nd over - 0 runs, 1 hit, 0 errors, 1 left on base; Washington 3 - Milwaukee 0
TOP OF THE 3RD
Washington Nationals batting - Pitching for Milwaukee Brewers : RHP Jon Gray
Batting: LHB Yonder Alonso 0-0: Ball
1-0: Called Strike
1-1: Ball
2-1: Ball
3-1: Swinging Strike
3-2: Strikes out looking
Batting: LHB Joe Panik 0-0: Foul Ball, location: 2F
0-1: Swinging Strike
0-2: Ball
1-2: Ball
2-2: Ball
3-2: SINGLE (Groundball, 5, EV 90.6 MPH) (infield hit)
Batting: RHB Austin Barnes 0-0: Ball
1-0: Grounds into double play, 5-4-3 (Groundball, 56S, EV 76.9 MPH)
Top of the 3rd over - 0 runs, 1 hit, 0 errors, 0 left on base; Washington 3 - Milwaukee 0
BOTTOM OF THE 3RD
Milwaukee Brewers batting - Pitching for Washington Nationals : RHP Alex Reyes
Batting: LHB Jeff McNeil 0-0: Ball
1-0: Ball
2-0: Ball
3-0: Called Strike
3-1: Base on Balls
Batting: RHB A.J. Pollock 0-0: Ball
1-0: Called Strike
1-1: SINGLE (Line Drive, 8RS, EV 101.9 MPH)
Jeff McNeil to second
Batting: RHB Eugenio Suarez 0-0: Ball
1-0: Foul Ball, location: 2F
1-1: Called Strike
1-2: Strikes out swinging
Batting: RHB Aaron Judge 0-0: Ball
1-0: Ball
2-0: Ball
3-0: Called Strike
3-1: Called Strike
3-2: SINGLE (Flyball, 7LS, EV 85.0 MPH)
Jeff McNeil to third
A.J. Pollock to second
Batting: RHB Tommy Pham 0-0: Ball
1-0: Fly out, F7 (Flyball, 7LS, EV 98.8 MPH)
Runner from 3rd tags up, SCORES, throw by LF
Batting: SHB Marwin Gonzalez 0-0: Swinging Strike
0-1: Foul Ball, location: 2F
0-2: Ball
1-2: Strikes out swinging
Bottom of the 3rd over - 1 run, 2 hits, 0 errors, 2 left on base; Washington 3 - Milwaukee 1
TOP OF THE 4TH
Washington Nationals batting - Pitching for Milwaukee Brewers : RHP Jon Gray
Batting: RHB Jose Pirela 0-0: Hit by Pitch
Batting: SHB Alen Hanson 0-0: 2-RUN HOME RUN (Flyball, 9LD, EV 105.6 MPH), Distance : 361 ft
Pitching: RHP Chad Green
Batting: SHB Rosell Herrera 0-0: Ball
1-0: Foul Ball, location: 2F
1-1: Swinging Strike
1-2: Ball
2-2: Strikes out swinging
Batting: RHB Alex Reyes 0-0: Called Strike
0-1: Called Strike
0-2: Strikes out looking
Batting: RHB Chris Taylor 0-0: Ball
1-0: Ball
2-0: Foul Ball, location: 2F
2-1: Called Strike
2-2: Foul Ball, location: 2F
2-2: Ball
3-2: Fly out, F8 (Flyball, 8LS, EV 86.3 MPH)
Top of the 4th over - 2 runs, 1 hit, 0 errors, 0 left on base; Washington 5 - Milwaukee 1
BOTTOM OF THE 4TH
Milwaukee Brewers batting - Pitching for Washington Nationals : RHP Alex Reyes
Batting: RHB Manny Pina 0-0: Fly out, F7 (Line Drive, 7D, EV 109.4 MPH)
Batting: RHB Taylor Motter 0-0: Called Strike
0-1: Ball
1-1: Ball
2-1: Ground out 6-3 (Groundball, 6, EV 98.1 MPH)
Batting: LHB Chad Green 0-0: Called Strike
0-1: Called Strike
0-2: Ball
1-2: Foul Ball, location: 2F
1-2: Strikes out swinging
Bottom of the 4th over - 0 runs, 0 hits, 0 errors, 0 left on base; Washington 5 - Milwaukee 1
TOP OF THE 5TH
Washington Nationals batting - Pitching for Milwaukee Brewers : RHP Chad Green
Batting: RHB Yulieski Gurriel 0-0: Ball
1-0: SINGLE (Groundball, 34D, EV 108.1 MPH)
Batting: LHB Yonder Alonso 0-0: DOUBLE (Flyball, 8LXD, EV 100.0 MPH)
Yulieski Gurriel to third
Batting: LHB Joe Panik 0-0: Ball
1-0: Ball
2-0: Called Strike
2-1: Ball
3-1: SINGLE (Line Drive, 7LS, EV 91.3 MPH)
Yulieski Gurriel scores
Yonder Alonso to third
Batting: RHB Austin Barnes 0-0: Ball
1-0: Called Strike
1-1: Swinging Strike
1-2: Foul Ball, location: 2F
1-2: Strikes out swinging
Pitching: RHP Shawn Armstrong
Batting: RHB Jose Pirela 0-0: Ball
1-0: Ball
2-0: Ball
3-0: Called Strike
3-1: Base on Balls
Joe Panik to second
Batting: SHB Alen Hanson 0-0: Ball
1-0: Ball
2-0: Ball
3-0: Base on Balls
Yonder Alonso scores
Joe Panik to third
Jose Pirela to second
Batting: SHB Rosell Herrera 0-0: Ball
1-0: Ball
2-0: Ball
3-0: Called Strike
3-1: Called Strike
3-2: Base on Balls
Joe Panik scores
Jose Pirela to third
Alen Hanson to second
Batting: RHB Alex Reyes 0-0: Ball
1-0: Ball
2-0: Foul Ball, location: 2F
2-1: Foul Ball, location: 2F
2-2: Ball
3-2: Strikes out looking
Batting: RHB Chris Taylor 0-0: Swinging Strike
0-1: Ball
1-1: Ball
2-1: SINGLE (Line Drive, 5D, EV 99.4 MPH)
Jose Pirela scores
Alen Hanson to third
Rosell Herrera to second
Runner from 3rd tries for Home, SAFE, throw by LF to home
Pitching: RHP Andrew Kittredge
Batting: RHB Yulieski Gurriel 0-0: Ball
1-0: Fielders Choice at 2nd, 6-4 (Groundball, 6, EV 81.9 MPH)
Top of the 5th over - 5 runs, 4 hits, 0 errors, 2 left on base; Washington 10 - Milwaukee 1
BOTTOM OF THE 5TH
Milwaukee Brewers batting - Pitching for Washington Nationals : RHP Alex Reyes
Batting: LHB Jeff McNeil 0-0: Called Strike
0-1: Foul Ball, location: 2F
0-2: Fly out, F5 (Line Drive, 5, EV 69.4 MPH)
Batting: RHB A.J. Pollock 0-0: Called Strike
0-1: Called Strike
0-2: Strikes out looking
Batting: RHB Eugenio Suarez 0-0: Ball
1-0: Called Strike
1-1: Fly out, F5 (Popup, 56, EV 64.4 MPH)
Bottom of the 5th over - 0 runs, 0 hits, 0 errors, 0 left on base; Washington 10 - Milwaukee 1
TOP OF THE 6TH
Washington Nationals batting - Pitching for Milwaukee Brewers : RHP Andrew Kittredge
Batting: LHB Yonder Alonso 0-0: Ball
1-0: Foul Ball, location: 2F
1-1: Ball
2-1: Swinging Strike
2-2: Strikes out swinging
Batting: LHB Joe Panik 0-0: Ball
1-0: Called Strike
1-1: Ball
2-1: Ground out 6-3 (Groundball, 6, EV 80.0 MPH)
Batting: RHB Austin Barnes 0-0: SOLO HOME RUN (Flyball, 7LD, EV 90.0 MPH), Distance : 368 ft
Batting: RHB Jose Pirela 0-0: Foul Ball, location: 2F
0-1: Ball
1-1: Called Strike
1-2: Strikes out swinging
Top of the 6th over - 1 run, 1 hit, 0 errors, 0 left on base; Washington 11 - Milwaukee 1
BOTTOM OF THE 6TH
Milwaukee Brewers batting - Pitching for Washington Nationals : RHP Alex Reyes
Batting: RHB Aaron Judge 0-0: Ball
1-0: Ball
2-0: Ball
3-0: Foul Ball, location: 2F
3-1: Base on Balls
Batting: RHB Tommy Pham 0-0: Ball
1-0: Foul Ball, location: 2F
1-1: Ball
2-1: Called Strike
2-2: Ball
3-2: Foul Ball, location: 2F
3-2: Foul Ball, location: 2F
3-2: Foul Ball, location: 2F
3-2: Strikes out swinging
Pitching: LHP Adam Morgan
Batting: SHB Marwin Gonzalez 0-0: Ball
1-0: Ball
2-0: Called Strike
2-1: Ball
3-1: Called Strike
3-2: Fly out, F9 (Flyball, 9LSF, EV 87.5 MPH)
Batting: RHB Manny Pina 0-0: Ball
1-0: 2-RUN HOME RUN (Flyball, 78XD, EV 110.0 MPH), Distance : 411 ft
Batting: RHB Taylor Motter 0-0: Ball
1-0: Ball
2-0: Called Strike
2-1: Ball
3-1: Base on Balls
Pinch Hitting: RHB Yonathan Daza 0-0: Ball
Taylor Motter steals 2nd base (no throw)
1-0: Ground out 6-3 (Groundball, 56, EV 92.5 MPH)
Bottom of the 6th over - 2 runs, 1 hit, 0 errors, 1 left on base; Washington 11 - Milwaukee 3
TOP OF THE 7TH
Washington Nationals batting - Pitching for Milwaukee Brewers : RHP Andrew Kittredge
Pitching: RHP DJ Johnson
Batting: SHB Alen Hanson 0-0: Ball
1-0: Ball
2-0: Ball
3-0: Base on Balls
Batting: SHB Rosell Herrera 0-0: Ball
1-0: Called Strike
1-1: Ball
2-1: Ball
3-1: Foul Ball, location: 2F
3-2: Strikes out swinging
Batting: LHB Adam Morgan 0-0: Sac Bunt to 2R - play at first, batter OUT! 2-4
Alen Hanson to second
Batting: RHB Chris Taylor 0-0: Ball
1-0: Called Strike
1-1: Foul Ball, location: 2F
1-2: Strikes out looking
Top of the 7th over - 0 runs, 0 hits, 0 errors, 1 left on base; Washington 11 - Milwaukee 3
BOTTOM OF THE 7TH
Milwaukee Brewers batting - Pitching for Washington Nationals : LHP Adam Morgan
Batting: LHB Jeff McNeil 0-0: Foul Ball, location: 2F
0-1: SOLO HOME RUN (Line Drive, 7D, EV 100.0 MPH), Distance : 387 ft
Batting: RHB A.J. Pollock 0-0: Ball
1-0: Foul Ball, location: 2F
1-1: Ball
2-1: Ball
3-1: TRIPLE (Flyball, 78XD, EV 108.1 MPH)
Batting: RHB Eugenio Suarez 0-0: Ball
1-0: Fly out, F8 (Flyball, 78XD, EV 97.5 MPH)
Runner from 3rd tags up, SCORES, no throw by CF
Batting: RHB Aaron Judge 0-0: Foul Ball, location: 2F
0-1: Ball
1-1: Swinging Strike
1-2: Strikes out swinging
Batting: RHB Tommy Pham 0-0: Ball
1-0: Ball
2-0: Ball
3-0: Called Strike
3-1: Base on Balls
Batting: SHB Marwin Gonzalez 0-0: Foul Ball, location: 2F
0-1: Ball
1-1: Called Strike
1-2: Foul Ball, location: 2F
1-2: Ground out 5-3 (Groundball, 56, EV 81.9 MPH)
Bottom of the 7th over - 2 runs, 2 hits, 0 errors, 1 left on base; Washington 11 - Milwaukee 5
TOP OF THE 8TH
Washington Nationals batting - Pitching for Milwaukee Brewers : RHP DJ Johnson
Batting: RHB Yulieski Gurriel 0-0: Called Strike
0-1: Ball
1-1: Ground out 4-3 (Groundball, 34, EV 83.1 MPH)
Batting: LHB Yonder Alonso 0-0: SOLO HOME RUN (Flyball, 89XD, EV 102.5 MPH), Distance : 416 ft
Batting: LHB Joe Panik 0-0: Swinging Strike
0-1: SINGLE (Line Drive, 6M, EV 105.6 MPH)
Pitching: RHP Robert Stock
Batting: RHB Austin Barnes 0-0: Called Strike
0-1: Ball
1-1: Foul Ball, location: 2F
1-2: Strikes out swinging
Pinch Hitting: LHB Jake Peter 0-0: Swinging Strike
0-1: Swinging Strike
0-2: Strikes out looking
Top of the 8th over - 1 run, 2 hits, 0 errors, 1 left on base; Washington 12 - Milwaukee 5
BOTTOM OF THE 8TH
Milwaukee Brewers batting - Pitching for Washington Nationals : LHP Adam Morgan
Pitching: RHP Joakim Soria
Now in RF: Jake Peter
Batting: RHB Manny Pina 0-0: Ball
1-0: Called Strike
1-1: Called Strike
1-2: Ground out 3-1 (Groundball, 34, EV 83.1 MPH)
Batting: RHB Taylor Motter 0-0: Ground out 6-3 (Groundball, 6M, EV 77.5 MPH)
Batting: LHB Robert Stock 0-0: Ball
1-0: Ball
2-0: Ground out 3-1 (Groundball, 34S, EV 85.6 MPH)
Bottom of the 8th over - 0 runs, 0 hits, 0 errors, 0 left on base; Washington 12 - Milwaukee 5
TOP OF THE 9TH
Washington Nationals batting - Pitching for Milwaukee Brewers : RHP Robert Stock
Pitching: LHP Andrew Miller
Batting: SHB Alen Hanson 0-0: Swinging Strike
0-1: Called Strike
0-2: Foul Ball, location: 2F
0-2: Fly out, F8 (Flyball, 8LD, EV 92.5 MPH)
Batting: SHB Rosell Herrera 0-0: Swinging Strike
0-1: Ground out 5-3 (Groundball, 5L, EV 109.4 MPH)
Batting: RHB Joakim Soria 0-0: Foul Ball, location: 2F
0-1: Called Strike
0-2: Fly out, F8 (Flyball, 78M, EV 76.3 MPH)
Top of the 9th over - 0 runs, 0 hits, 0 errors, 0 left on base; Washington 12 - Milwaukee 5
BOTTOM OF THE 9TH
Milwaukee Brewers batting - Pitching for Washington Nationals : RHP Joakim Soria
Batting: LHB Jeff McNeil 0-0: Called Strike
0-1: Ground out 5-3 (Groundball, 56, EV 102.5 MPH)
Batting: RHB A.J. Pollock 0-0: Called Strike
0-1: Foul Ball, location: 2F
0-2: Strikes out swinging
Batting: RHB Eugenio Suarez 0-0: Ball
1-0: Ball
2-0: Foul Ball, location: 2F
2-1: Fly out, F7 (Flyball, 7LS, EV 82.5 MPH)
Bottom of the 9th over - 0 runs, 0 hits, 0 errors, 0 left on base; Washington 12 - Milwaukee 5
Thursday, August 8th, 2019 - OOTP Baseball 20.6 Build 54